Map: 이스트와치 - 래더

Players

Dark - Winner!

  • Race: Zerg Zerg
  • Spawn Location: 1:00

iGiA (iAsonu)

  • Race: Zerg Zerg
  • League: Diamond
  • Spawn Location: 7:00

Event: WESG 2017 Haikou

VOD

Have the link to the VOD?

Description

Time

  • Played on: March 14, 2018, 10:41 p.m.
  • Length: 8:49

All games in this series

Show
View Real Time Build Order
Export as new Build Order

Dark Zerg - Winner!

Build Orders: 3 Hatch before Pool, Zergling Baneling 

Get SALT Encoding   

  12  0:00  Drone  
  13  0:12  Overlord  
  13  0:17  Drone  
  14  0:30  Drone x2  
  14  0:34  Drone  
  17  0:45  Drone  
  18  0:54  Hatchery  
  17  0:57  Drone  
  18  1:18  Hatchery  
  18  1:20  Extractor  
  18  1:22  Drone  
  17  1:36  Spawning Pool  
  17  1:38  Drone  
  17  1:41  Drone  
  17  1:46  Drone  
  19  1:53  Drone  
  20  2:05  Drone  
  20  2:07  Drone  
  22  2:22  Drone, Queen x2  
  25  2:24  Metabolic Boost  
  27  2:31  Overlord  
  27  2:36  Drone  
  28  2:40  Drone  
  29  2:47  Drone, Baneling Nest  
  29  2:48  Drone  
  29  2:50  Zergling x2  
  31  2:52  Zergling x2  
  31  2:55  Drone  
  33  3:02  Queen  
  35  3:05  Drone  
  35  3:10  Drone  
  37  3:13  Zergling x4  
  37  3:16  Overlord  
  39  3:21  Drone x2  
  41  3:30  Zergling x2  
  42  3:35  Baneling, Zergling x2  
  42  3:36  Baneling, Zergling x2  
  42  3:37  Zergling x8  
  42  3:39  Baneling x2  
  48  3:42  Zergling x4  
  48  3:47  Overlord  
  50  3:54  Baneling  
  50  3:55  Baneling  
  50  3:58  Overlord  
  49  4:04  Overlord  
  49  4:07  Baneling x2  
  49  4:12  Drone x2  
  49  4:13  Drone x2  
  49  4:16  Baneling x2  
  52  4:18  Drone  
  52  4:19  Extractor  
  48  4:26  Drone x2  
  48  4:27  Zergling x2  
  48  4:28  Zergling x2  
  48  4:29  Zergling x2  
  48  4:30  Zergling x2  
  48  4:31  Zergling x6  
  54  4:32  Drone x2  
  54  4:35  Drone  
  56  4:40  Drone, Zergling x2  
  56  4:47  Roach Warren  
  56  4:50  Zergling x4  
  56  4:51  Drone x3, Baneling x2  
  59  4:55  Drone x2  
  60  5:04  Zergling x4  
  60  5:06  Baneling x2  
  62  5:14  Drone x3  
  61  5:15  Zergling x6  
  61  5:16  Zergling x6  
  61  5:20  Lair  
  61  5:21  Evolution Chamber  
  65  5:22  Drone, Extractor  
  65  5:26  Drone  
  65  5:35  Zergling x6  
  66  5:41  Zergling x2  
  66  5:43  Zergling x4  
  66  5:47  Zergling x4  
  69  5:52  Zergling x2  
  69  5:53  Zergling x6  
  69  5:54  Baneling x3, Overlord  
  73  5:57  Zerg Missile Weapons Level 1  
  73  6:04  Baneling x2  
  70  6:23  Glial Reconstitution  
  70  6:24  Drone  
  70  6:25  Drone x10  
  74  6:34  Roach x3, Baneling x2  
  74  6:37  Spine Crawler, Extractor x2  
  74  6:39  Roach x2  
  81  6:40  Overlord x2  
  77  6:58  Overlord  
  69  7:05  Roach x2  
  69  7:07  Roach  
  69  7:08  Roach  
  75  7:09  Roach x2  
  75  7:14  Queen  
  75  7:15  Overlord x2  
  79  7:16  Roach, Overlord  
  79  7:17  Overlord  
  79  7:18  Roach x4  
  79  7:19  Hatchery  
  79  7:22  Spine Crawler  
  87  7:23  Spine Crawler, Overseer  
  87  7:24  Roach x2  
  90  7:34  Roach x4  
  90  7:36  Roach  
  100  7:41  Roach x3  
  100  7:42  Roach  
  109  7:45  Roach  
  109  7:47  Roach  
  109  7:51  Roach x2  
  117  7:53  Roach  
  120  7:59  Roach  
  120  8:02  Overlord  
  120  8:03  Overlord  
  122  8:13  Hatchery  
  122  8:16  Overlord  
  121  8:24  Roach x5  
  121  8:26  Roach  
Show
View Real Time Build Order
Export as new Build Order

iGiA Zerg 

Build Orders: Hatch First, Zergling Baneling 

Get SALT Encoding   

  12  0:01  Drone  
  13  0:12  Overlord  
  13  0:17  Drone  
  14  0:30  Drone x2  
  14  0:34  Drone  
  17  0:52  Hatchery  
  17  0:54  Drone  
  17  0:57  Drone  
  18  1:08  Extractor  
  17  1:12  Spawning Pool  
  17  1:15  Drone  
  17  1:18  Drone  
  18  1:28  Drone  
  19  1:39  Overlord  
  19  1:49  Drone  
  20  2:00  Queen  
  20  2:01  Zergling x2  
  23  2:03  Queen  
  23  2:04  Zergling x2  
  23  2:07  Metabolic Boost  
  26  2:10  Drone  
  26  2:14  Drone  
  28  2:23  Drone  
  28  2:26  Drone  
  30  2:30  Baneling Nest  
  30  2:33  Drone  
  30  2:36  Drone  
  31  2:43  Drone  
  32  2:47  Drone  
  33  2:53  Hatchery  
  33  2:57  Overlord  
  32  3:01  Drone  
  32  3:04  Drone  
  34  3:10  Drone x2  
  36  3:15  Overlord  
  36  3:17  Zergling x4  
  38  3:22  Zergling x2  
  38  3:24  Drone x2  
  41  3:28  Drone  
  41  3:31  Overlord  
  42  3:38  Baneling x2  
  42  3:40  Queen  
  44  3:43  Drone x2  
  44  3:47  Zergling x6  
  49  3:48  Baneling  
  49  3:49  Baneling  
  49  3:51  Baneling  
  49  3:52  Baneling  
  49  3:54  Zergling x2  
  51  3:55  Zergling x2  
  51  3:56  Baneling x2  
  51  4:03  Zergling x6  
  53  4:14  Baneling x2  
  53  4:15  Zergling x2  
  54  4:21  Baneling x2  
  50  4:27  Zergling x4  
  50  4:29  Drone x2  
  46  4:36  Drone x4  
  46  4:37  Drone  
  50  4:41  Drone  
  50  4:45  Drone x2  
  51  4:47  Drone  
  51  4:48  Drone x2  
  54  4:56  Baneling x2  
  54  5:01  Baneling x2  
  54  5:03  Drone  
  54  5:05  Zergling x4  
  56  5:11  Zergling x8  
  57  5:16  Zergling x2  
  57  5:17  Zergling x8  
  60  5:21  Queen  
  60  5:23  Zergling x2  
  63  5:31  Zergling x4  
  63  5:34  Zergling x2  
  63  5:35  Zergling x2  
  63  5:40  Zergling x2  
  63  5:41  Zergling x2  
  61  5:46  Extractor  
  61  5:47  Roach Warren, Extractor  
  61  5:49  Baneling x2, Evolution Chamber  
  54  5:50  Overlord  
  54  5:51  Zergling x2  
  55  6:00  Zergling x12  
  55  6:01  Zergling x4  
  55  6:03  Baneling x2  
  62  6:07  Zergling x4  
  64  6:12  Zergling x2  
  64  6:22  Zergling x4  
  63  6:28  Zergling x4  
  63  6:29  Zergling x2  
  63  6:31  Baneling x2  
  57  6:32  Zergling x2  
  57  6:35  Zerg Missile Weapons Level 1  
  57  6:37  Zergling x12  
  60  6:47  Baneling x2  
  60  6:54  Zergling x2  
  60  6:55  Baneling x4  
  60  6:57  Roach  
  49  7:12  Roach x3  
  49  7:13  Drone  
  49  7:14  Drone x5  
  60  7:16  Drone  
  60  7:17  Drone  
  62  7:23  Drone  
  62  7:25  Lair  
  62  7:27  Drone  
  64  7:34  Drone x5  
  70  7:37  Drone  
  70  7:47  Drone x2  
  72  7:53  Overlord x3  
  72  7:56  Overlord  
  72  7:59  Extractor  
  72  8:00  Overlord x2  
  72  8:01  Extractor  
  72  8:03  Overlord x2  
  70  8:06  Overlord  
  70  8:16  Drone x7  
  77  8:20  Roach  
  77  8:24  Roach x2  
  83  8:30  Overlord  
  83  8:34  Overseer  
Tags
 
Add a new tag
Caveats
  • Supply blocks, unpowered buildings, or Contaminate may cause inaccurate times.
  • Supply counts are checked every 10 seconds.